AoeStats
← mateus_fz

Arabia

503501843Analyzed
1v1 RM · 1mo ago on Sep 1, 2026· 41m 57s· 2 players
Game mode
Random Map
Map size
Tiny (2 player)
Population
200
Speed
Normal
Resources
Standard
Victory
Conquest
Starting age
Dark Age
Ending age
Imperial Age
RankedLock teamsTeams togetherTeam positionsShared explorationLock speedFull tech treeHidden civsTurbo modeCheats
Victory
Defeat
🇧🇷 Franks · Brazil
708
+15
🇧🇷 Goths · Brazil
691
-15
mateus_fz
0:55 Loom
11:11 Feudal Age
11:50 Double-Bit Axe
12:01 Gold Mining
11:58 Man-at-Arms
14:41 Horse Collar
17:51 Wheelbarrow
18:41 Town Watch
24:41 Castle Age
26:41 Stone Mining
26:38 Long Swordsman
26:39 Pikeman
27:20 Squires
27:26 Town Patrol
38:22 Murder Holes
39:29 Crossbowman
imhotep2720
7:05 Loom
9:33 Feudal Age
10:01 Double-Bit Axe
18:15 Scale Mail Armor
23:25 Castle Age
22:59 Fletching
23:10 Padded Archer Armor
24:23 Bow Saw
24:06 Gold Mining
23:40 Crossbowman
27:39 Husbandry
29:47 Ballistics
32:53 Wheelbarrow
32:56 Gold Shaft Mining
33:08 Murder Holes
37:50 Scale Barding Armor
40:29 Imperial Age
40:14 Chain Barding Armor
40:11 Leather Archer Armor
42:47 Plate Barding Armor
41:35 Cavalier
Connection lost

Rejoining the realm…

Still unreachable

The connection could not be restored.

Session expired

The server has moved on; the page needs a fresh start.